AoeStats
← [PSCH] R!ce

African Clearing

506468269Analyzed
3v3 RM · 19d ago on Sep 13, 2026· 28m 33s· 6 players
Game mode
Random Map
Map size
Normal (6 player)
Population
200
Speed
Normal
Resources
Standard
Victory
Conquest
Starting age
Dark Age
Ending age
Imperial Age
RankedLock teamsTeams togetherTeam positionsShared explorationLock speedFull tech treeHidden civsTurbo modeCheats
Victory
Defeat
🇧🇷 Tupi · Brazil
1527
+12
🇧🇷 Wu · Brazil
1489
+14
🇧🇷 Lithuanians · Brazil
1454
+16
🇨🇭 Bulgarians · Switzerland
1460
-14
🇨🇭 Sicilians · Switzerland
1459
-15
🇨🇭 Saracens · Switzerland
1419
-13
[PSCH] R!ce
10:56 Loom
13:47 Feudal Age
17:58 Castle Age
16:06 Double-Bit Axe
17:39 Scale Barding Armor
19:42 Chain Barding Armor
26:38 Forging
[PSCH] wolverito
3:48 Loom
11:54 Feudal Age
15:52 Padded Archer Armor
17:49 Fletching
[PSCH] Reh
5:55 Loom
12:51 Feudal Age
14:25 Double-Bit Axe
17:21 Castle Age
16:12 Gold Mining
17:23 Pikeman
18:28 Bow Saw
19:07 Horse Collar
22:01 Scale Barding Armor
23:17 Bloodlines
Ocidental
8:09 Loom
12:39 Feudal Age
13:10 Double-Bit Axe
15:44 Scale Barding Armor
17:03 Forging
17:45 Bloodlines
19:21 Horse Collar
22:34 Castle Age
21:56 Gold Mining
23:51 Bow Saw
23:31 Light Cavalry
24:12 Husbandry
26:57 Wheelbarrow
28:00 Chain Barding Armor
digitallimao
12:10 Feudal Age
16:08 Castle Age
14:32 Double-Bit Axe
15:21 Stone Mining
16:20 Loom
19:35 Fletching
22:46 Bodkin Arrow
23:39 Padded Archer Armor
24:32 Town Watch
28:21 Wheelbarrow
BoscojR
8:43 Loom
11:12 Feudal Age
12:41 Fletching
15:09 Loom
15:52 Padded Archer Armor
19:54 Gold Mining
23:28 Castle Age
21:52 Double-Bit Axe
23:10 Horse Collar
23:44 Crossbowman
26:57 Bodkin Arrow
27:06 Pikeman
Connection lost

Rejoining the realm…

Still unreachable

The connection could not be restored.

Session expired

The server has moved on; the page needs a fresh start.